 Dungeon Crawl Stone Soup version 0.19.0-23-gf02e663 (webtiles) character file.

67 Gargoyl the Skirmisher (level 3, -1/29 HPs)
             Began as a Demonspawn Abyssal Knight on Nov 19, 2016.
             Was a Follower of Lugonu.
             Succumbed to Crazy Yiuf's poison
             ... on level 2 of the Dungeon.
             The game lasted 00:03:54 (1734 turns).

Gargoyl the Skirmisher (Demonspawn Abyssal Knight)  Turns: 1734, Time: 00:03:54

Health: -1/29      AC: 11    Str: 13    XL:     3   Next: 98%
Magic:  5/5        EV:  6    Int: 18    God:    Lugonu [*.....]
Gold:   188        SH:  0    Dex: 12    Spells: 0 memorised, 2 levels left

rFire  . . .     SeeInvis .     a - +1 hand axe
rCold  . . .     Gourm    .     k - +0 chain mail
rNeg   . . .     Faith    .     (no shield)
rPois  .         Spirit   .     (no helmet)
rElec  .         Reflect  .     (no cloak)
rCorr  .         Harm     .     i - +0 pair of gloves
MR     +....                    f - +0 pair of boots
Stlth  ..........               p - amulet of regeneration
                                o - ring of protection from magic
                                e - +5 ring of intelligence

@: lethally poisoned (-1 -> -6), drained
A: nightstalker 1
a: Depart the Abyss, Renounce Religion


You were on level 2 of the Dungeon.
You worshipped Lugonu.
Lugonu was aware of your devotion.
You were hungry.

You visited 1 branch of the dungeon, and saw 2 of its levels.
You visited the Abyss 1 time.

You collected 188 gold pieces.

Inventory:

Hand Weapons
 a - a +1 hand axe (weapon)
Armour
 f - a +0 pair of boots (worn)
 i - a +0 pair of gloves (worn)
 k - a +0 chain mail (worn)
Jewellery
 e - a +5 ring of intelligence (left hand)
 g - an uncursed ring of wizardry {unknown}
 m - an uncursed ring of flight
 o - a ring of protection from magic (right hand)
 p - an amulet of regeneration (around neck)
Wands
 j - a wand of slowing (48/48)
Scrolls
 b - a scroll of fear
 n - a scroll of recharging
Comestibles
 c - a bread ration
 d - 2 meat rations


   Skills:
 + Level 3.2(2.9) Fighting
 + Level 2.7(2.4) Axes
 * Level 2.5(2.2) Armour
 + Level 1.1(0.8) Dodging
 * Level 3.0(2.7) Invocations


You had 2 spell levels left.
You didn't know any spells.

Dungeon Overview and Level Annotations

Branches:
Dungeon (2/15)

Altars:
The Shining One

Annotations:
D:2 Crazy Yiuf


Innate Abilities, Weirdness & Mutations

You are slightly more attuned to the shadows.


Message History

Your magical effects are unravelling.
You feel magically purged.
You feel less invigorated.
You feel less confused.
You feel sick. Crazy Yiuf hits you but does no damage.
You feel much better.
Unknown command.
You hit Crazy Yiuf.
Crazy Yiuf is severely wounded.
You feel sick.
Crazy Yiuf hits you with a quarterstaff of chaos.
You are more poisoned.
Your chain mail prevents you from hitting Crazy Yiuf.
Crazy Yiuf is severely wounded.
You feel sick.
Crazy Yiuf hits you with a quarterstaff of chaos!
You are electrocuted!
Ouch! That really hurt!
* * * LOW HITPOINT WARNING * * *
You hit Crazy Yiuf.
Crazy Yiuf is almost dead.
You die...

......>....#
♣....♣
#...###.#
....######.#
♣♣..)♣
#.......#
....# #.#
♣♣)♣♣
#...#####
....# #.#
♣♣)♣ ##.##
#..## #.#
♣)♣♣ #.#
#..# #.#
♣♣)♣ ..#
...# ####.##
♣)♣♣ ###
##.# #.....#
##'## #.#
##.##..#
#@g)#
#.###...####
#)))#
#.....#.#
#).)#
#####...#
##### #####


You could see Crazy Yiuf.

Vanquished Creatures
  Ijyb (D:2)
  An ooze (D:1)
  2 dart slugs (D:1)
  A leopard gecko (D:1)
  4 bats
  A giant cockroach (D:2)
  5 goblins
  2 hobgoblins
  A quokka (D:2)
  A ball python (D:1)
  3 frilled lizards (D:1)
  3 kobolds
  9 rats
34 creatures vanquished.

Notes
Turn   | Place    | Note
-------+----------+-------------------------------------------
     0 | Abyss:1  | Gargoyl the Demonspawn Abyssal Knight began the quest for the Orb.
     0 | Abyss:1  | Reached XP level 1. HP: 18/18 MP: 2/2
   105 | Abyss:3  | Noticed a thrashing horror
   108 | D:1      | Escaped the Abyss
   339 | D:1      | Gained mutation: You are slightly more attuned to the shadows. [demonic ancestry]
   339 | D:1      | Reached XP level 2. HP: 16/24 MP: 3/3
   507 | D:1      | Found a glowing golden altar of the Shining One.
   732 | D:1      | Reached * piety under Lugonu
   858 | D:1      | Reached skill level 1 in Dodging
  1089 | D:1      | Reached XP level 3. HP: 29/29 MP: 5/5
  1146 | D:2      | Noticed Ijyb
  1168 | D:2      | Killed Ijyb
  1718 | D:2      | Found a runed door.
  1722 | D:2      | Noticed Crazy Yiuf
  1733 | D:2      | HP: 1/29 [Crazy Yiuf/quarterstaff of chaos (16)]
  1734 | D:2      | Succumbed to Crazy Yiuf's poison

Skill      XL: |  1  2  3 |
---------------+----------+-----
Armour         | 2 |  2.5
Axes           | 2 |  2.7
Dodging        | 1 |  1.1
Invocations    | 3 |  3.0
Fighting       | |  3.2

Action                   || total
-------------------------++-------
Melee: Hand axe          ||   122
Invok: Depart the Abyss  ||     1
  Use: Scroll            ||     7
       Potion            ||     2
  Eat: Chunk             ||     2
Armor: Leather armour    ||     4
       Chain mail        ||    79
Dodge: Dodged            ||    46
